| TOP OF THE 1ST |
|
Charlotte Hornets batting - Pitching for Montgomery Rebels : RHP Scott Patterson
|
|
Pitching: RHP Scott Patterson
|
|
|
Batting: RHB Tom Romano
|
0-0: Ball 1-0: Called Strike 1-1: Ground out 5-3 (Groundball, 56, EV 98.8 MPH)
|
|
Batting: RHB John O'Rear
|
0-0: Foul Ball, location: 2F 0-1: Fly out, F9 (Flyball, 9, EV 96.3 MPH)
|
|
Batting: RHB Guy Sularz
|
0-0: Called Strike 0-1: Ground out 4-3 (Groundball, 34, EV 90.0 MPH)
|
| Top of the 1st over - 0 runs, 0 hits, 0 errors, 0 left on base; Charlotte 0 - Montgomery 0 |
| BOTTOM OF THE 1ST |
|
Montgomery Rebels batting - Pitching for Charlotte Hornets : RHP Freddy Medina
|
|
Pitching: RHP Freddy Medina
|
|
|
Batting: LHB Oscar Ramirez
|
0-0: Ball 1-0: Swinging Strike 1-1: Swinging Strike 1-2: Strikes out looking
|
|
Batting: RHB Kevin McGann
|
0-0: Called Strike 0-1: Foul Ball, location: 2F 0-2: Foul Ball, location: 2F 0-2: Ball 1-2: Strikes out swinging
|
|
Batting: SHB Mike D Young
|
0-0: Ball 1-0: Foul Ball, location: 2F 1-1: SINGLE (Flyball, 5D, EV 91.3 MPH)
|
|
Batting: LHB Larry Ray
|
0-0: Called Strike 0-1: Swinging Strike 0-2: Ball 1-2: Ball Mike D Young steals 2nd base 2-2: Ball 3-2: Foul Ball, location: 2F 3-2: Base on Balls
|
|
Batting: RHB Victor Saenz
|
0-0: Swinging Strike 0-1: Ball 1-1: Ball 2-1: Foul Ball, location: 2F 2-2: Foul Ball, location: 2F 2-2: Ball 3-2: Foul Ball, location: 2F 3-2: Ground out 5-3 (Groundball, 56, EV 88.1 MPH)
|
| Bottom of the 1st over - 0 runs, 1 hit, 0 errors, 2 left on base; Charlotte 0 - Montgomery 0 |
| TOP OF THE 2ND |
|
Charlotte Hornets batting - Pitching for Montgomery Rebels : RHP Scott Patterson
|
|
Batting: RHB Don Lyle
|
0-0: Called Strike 0-1: Ball 1-1: Foul Ball, location: 2F 1-2: Hit by Pitch
|
|
Pinch Runner at 1st Ron Johnson:
|
|
|
Batting: RHB Juan Bonilla
|
0-0: Ball 1-0: Called Strike 1-1: Foul Ball, location: 2F 1-2: Ground out 6-3 (Groundball, 6S, EV 70.6 MPH) Ron Johnson to second
|
|
Batting: LHB James Reeves
|
0-0: Swinging Strike 0-1: Called Strike 0-2: Ball 1-2: Ball 2-2: Ball 3-2: Base on Balls
|
|
Batting: RHB Mickey Klutts
|
0-0: Called Strike 0-1: Ball 1-1: SINGLE (Flyball, 34D, EV 97.5 MPH) Ron Johnson to third James Reeves to second
|
|
Batting: RHB Luther Wrenn
|
0-0: Ball 1-0: Ball 2-0: Fly out, F8 (Line Drive, 8RM, EV 100.6 MPH) Runner from 3rd tags up, SCORES, no throw by CF
|
|
Batting: RHB Richard Bradley
|
0-0: Called Strike 0-1: Called Strike 0-2: Ball 1-2: Ball 2-2: Fly out, F7 (Flyball, 7S, EV 90.0 MPH)
|
| Top of the 2nd over - 1 run, 1 hit, 0 errors, 2 left on base; Charlotte 1 - Montgomery 0 |
| BOTTOM OF THE 2ND |
|
Montgomery Rebels batting - Pitching for Charlotte Hornets : RHP Freddy Medina
|
|
Now in LF: Richard Bass
|
|
|
Batting: LHB Mark Bingham
|
0-0: Fly out, F4 (Popup, 34D, EV 67.5 MPH)
|
|
Batting: SHB Raul Gonzalez
|
0-0: Called Strike 0-1: Ball 1-1: Fly out, F9 (Flyball, 9, EV 85.6 MPH)
|
|
Batting: RHB Brian Poldberg
|
0-0: Called Strike 0-1: Ball 1-1: Foul Ball, location: 2F 1-2: Foul Ball, location: 2F 1-2: Foul Ball, location: 2F 1-2: Ball 2-2: Ball 3-2: Base on Balls
|
|
Batting: RHB Tom Goffena
|
0-0: Called Strike 0-1: Foul Ball, location: 2F 0-2: SINGLE (Groundball, 56D, EV 107.5 MPH) Brian Poldberg to second
|
|
Batting: LHB Oscar Ramirez
|
0-0: SINGLE (Flyball, 56D, EV 90.0 MPH) Brian Poldberg to third Tom Goffena to second Runner from 3rd tries for Home, SAFE, throw by LF to home
|
|
Batting: RHB Kevin McGann
|
0-0: Ball 1-0: Ball 2-0: Ball 3-0: Called Strike 3-1: Base on Balls Tom Goffena to third Oscar Ramirez to second
|
|
Batting: SHB Mike D Young
|
0-0: Swinging Strike 0-1: Ball 1-1: Swinging Strike 1-2: Ball 2-2: Strikes out looking
|
| Bottom of the 2nd over - 1 run, 2 hits, 0 errors, 3 left on base; Charlotte 1 - Montgomery 1 |
| TOP OF THE 3RD |
|
Charlotte Hornets batting - Pitching for Montgomery Rebels : RHP Scott Patterson
|
|
Batting: RHB Tom Romano
|
0-0: Fly out, F4 (Popup, 3D, EV 41.9 MPH)
|
|
Batting: RHB John O'Rear
|
0-0: Ball 1-0: Swinging Strike 1-1: Ground out 6-3 (Groundball, 6MS, EV 71.9 MPH)
|
|
Batting: RHB Guy Sularz
|
0-0: Foul Ball, location: 2F 0-1: Ground out 5-3 (Groundball, 56S, EV 78.1 MPH)
|
| Top of the 3rd over - 0 runs, 0 hits, 0 errors, 0 left on base; Charlotte 1 - Montgomery 1 |
| BOTTOM OF THE 3RD |
|
Montgomery Rebels batting - Pitching for Charlotte Hornets : RHP Freddy Medina
|
|
Batting: LHB Larry Ray
|
0-0: Ball 1-0: Called Strike 1-1: Ball 2-1: Swinging Strike 2-2: Fly out, F9 (Flyball, 9LS, EV 85.6 MPH)
|
|
Batting: RHB Victor Saenz
|
0-0: Swinging Strike 0-1: Swinging Strike 0-2: Ball 1-2: Ball 2-2: Ground out 6-3 (Groundball, 6, EV 101.9 MPH)
|
|
Batting: LHB Mark Bingham
|
0-0: Fly out, F8 (Flyball, 8LM, EV 76.9 MPH)
|
| Bottom of the 3rd over - 0 runs, 0 hits, 0 errors, 0 left on base; Charlotte 1 - Montgomery 1 |
| TOP OF THE 4TH |
|
Charlotte Hornets batting - Pitching for Montgomery Rebels : RHP Scott Patterson
|
|
Batting: RHB Richard Bass
|
0-0: Swinging Strike 0-1: Swinging Strike 0-2: Foul Ball, location: 2F 0-2: Strikes out swinging
|
|
Batting: RHB Juan Bonilla
|
0-0: Ball 1-0: Swinging Strike 1-1: Ball 2-1: SINGLE (Line Drive, 78M, EV 105.0 MPH)
|
|
Batting: LHB James Reeves
|
0-0: Ball 1-0: Called Strike 1-1: Swinging Strike Juan Bonilla steals 2nd base 1-2: Ball 2-2: DOUBLE (Line Drive, 7LM, EV 102.5 MPH) Juan Bonilla scores
|
|
Batting: RHB Mickey Klutts
|
0-0: Called Strike 0-1: Called Strike 0-2: Ball 1-2: Fly out, F8 (Line Drive, 8RD, EV 90.6 MPH)
|
|
Batting: RHB Luther Wrenn
|
0-0: Called Strike 0-1: Foul Ball, location: 2F 0-2: Ball 1-2: Ball 2-2: Fly out, F8 (Flyball, 8LD, EV 105.0 MPH)
|
| Top of the 4th over - 1 run, 2 hits, 0 errors, 1 left on base; Charlotte 2 - Montgomery 1 |
| BOTTOM OF THE 4TH |
|
Montgomery Rebels batting - Pitching for Charlotte Hornets : RHP Freddy Medina
|
|
Batting: SHB Raul Gonzalez
|
0-0: Ball 1-0: Called Strike 1-1: Ground out 4-3 (Groundball, 34, EV 87.5 MPH)
|
|
Batting: RHB Brian Poldberg
|
0-0: Ball 1-0: Swinging Strike 1-1: Called Strike 1-2: Strikes out swinging
|
|
Batting: RHB Tom Goffena
|
0-0: Ball 1-0: Foul Ball, location: 2F 1-1: Ball 2-1: Ground out U3 (Groundball, 3, EV 100.6 MPH)
|
| Bottom of the 4th over - 0 runs, 0 hits, 0 errors, 0 left on base; Charlotte 2 - Montgomery 1 |
| TOP OF THE 5TH |
|
Charlotte Hornets batting - Pitching for Montgomery Rebels : RHP Scott Patterson
|
|
Batting: RHB Richard Bradley
|
0-0: Swinging Strike 0-1: Ball 1-1: Swinging Strike 1-2: Ball 2-2: Foul Ball, location: 2F 2-2: Strikes out swinging
|
|
Batting: RHB Tom Romano
|
0-0: Ball 1-0: Called Strike 1-1: Called Strike 1-2: Ball 2-2: Fly out, F9 (Flyball, 9, EV 89.4 MPH)
|
|
Batting: RHB John O'Rear
|
0-0: Swinging Strike 0-1: Ball 1-1: Ball 2-1: Ground out U3 (Groundball, 3, EV 91.9 MPH)
|
| Top of the 5th over - 0 runs, 0 hits, 0 errors, 0 left on base; Charlotte 2 - Montgomery 1 |
| BOTTOM OF THE 5TH |
|
Montgomery Rebels batting - Pitching for Charlotte Hornets : RHP Freddy Medina
|
|
Batting: LHB Oscar Ramirez
|
0-0: Swinging Strike 0-1: Ball 1-1: Ball 2-1: Ground out 4-3 (Groundball, 34, EV 83.1 MPH)
|
|
Batting: RHB Kevin McGann
|
0-0: Called Strike 0-1: Called Strike 0-2: Ball 1-2: Ball 2-2: Fly out, F8 (Flyball, 89M, EV 85.6 MPH)
|
|
Batting: SHB Mike D Young
|
0-0: DOUBLE (Flyball, 8RXD, EV 113.8 MPH)
|
|
Batting: LHB Larry Ray
|
0-0: Ball 1-0: Fly out, F9 (Line Drive, 9, EV 95.0 MPH)
|
| Bottom of the 5th over - 0 runs, 1 hit, 0 errors, 1 left on base; Charlotte 2 - Montgomery 1 |
| TOP OF THE 6TH |
|
Charlotte Hornets batting - Pitching for Montgomery Rebels : RHP Scott Patterson
|
|
Batting: RHB Guy Sularz
|
0-0: Ball 1-0: Ball 2-0: Ball 3-0: Called Strike 3-1: Base on Balls
|
|
Batting: RHB Richard Bass
|
0-0: Called Strike 0-1: Ball 1-1: Ball 2-1: Called Strike 2-2: Strikes out swinging
|
|
Batting: RHB Juan Bonilla
|
0-0: Called Strike 0-1: Foul Ball, location: 2F 0-2: Fly out, F7 (Flyball, 7S, EV 76.3 MPH)
|
|
Batting: LHB James Reeves
|
0-0: Foul Ball, location: 2F 0-1: Ball Guy Sularz is caught stealing 2nd base 2-6
|
| Top of the 6th over - 0 runs, 0 hits, 0 errors, 0 left on base; Charlotte 2 - Montgomery 1 |
| BOTTOM OF THE 6TH |
|
Montgomery Rebels batting - Pitching for Charlotte Hornets : RHP Freddy Medina
|
|
Batting: RHB Victor Saenz
|
0-0: Ball 1-0: Ball 2-0: Ball 3-0: Base on Balls
|
|
Batting: LHB Mark Bingham
|
0-0: Ball 1-0: Foul Ball, location: 2F 1-1: Fielders Choice at 2nd, 1-6 (Groundball, 34S, EV 86.9 MPH)
|
|
Batting: SHB Raul Gonzalez
|
0-0: Ball 1-0: Ball 2-0: SINGLE (Line Drive, 7S, EV 109.4 MPH) Mark Bingham to second
|
|
Batting: RHB Brian Poldberg
|
0-0: Called Strike 0-1: Ball 1-1: Ball 2-1: Ball 3-1: Fielders Choice at 2nd, 1-4 (Groundball, 15S, EV 68.1 MPH) Mark Bingham to third
|
|
Pitching: RHP Tom Hausman
|
|
|
Batting: RHB Tom Goffena
|
0-0: Ball 1-0: Foul Ball, location: 2F 1-1: Ball 2-1: Foul Ball, location: 2F 2-2: SINGLE (Groundball, 4MS, EV 72.5 MPH) (infield hit) Mark Bingham scores Brian Poldberg to second
|
|
Batting: LHB Oscar Ramirez
|
0-0: Foul Ball, location: 2F 0-1: SINGLE (Line Drive, 7S, EV 90.6 MPH) Brian Poldberg to third Tom Goffena to second Runner from 3rd tries for Home, SAFE, throw by LF to home Tom Goffena to third Oscar Ramirez to second
|
|
Batting: RHB Kevin McGann
|
0-0: Swinging Strike 0-1: Ball 1-1: Ball 2-1: Called Strike 2-2: Ball 3-2: Ground out 6-3 (Groundball, 6MD, EV 110.6 MPH)
|
| Bottom of the 6th over - 2 runs, 3 hits, 0 errors, 2 left on base; Charlotte 2 - Montgomery 3 |
| TOP OF THE 7TH |
|
Charlotte Hornets batting - Pitching for Montgomery Rebels : RHP Scott Patterson
|
|
Batting: LHB James Reeves
|
0-0: Foul Ball, location: 2F 0-1: Ball 1-1: Foul Ball, location: 2F 1-2: Ball 2-2: DOUBLE (Line Drive, 7LM, EV 105.6 MPH)
|
|
Batting: RHB Mickey Klutts
|
0-0: Foul Ball, location: 2F 0-1: Swinging Strike 0-2: SINGLE (Flyball, 3D, EV 95.6 MPH) James Reeves to third
|
|
Batting: RHB Luther Wrenn
|
0-0: Fly out, F7 (Flyball, 78D, EV 82.5 MPH) Runner from 3rd tags up, SCORES, throw by LF
|
|
Batting: RHB Richard Bradley
|
0-0: Swinging Strike 0-1: Called Strike 0-2: Foul Ball, location: 2F 0-2: Strikes out swinging
|
|
Batting: RHB Tom Romano
|
0-0: Called Strike 0-1: Swinging Strike 0-2: Foul Ball, location: 2F 0-2: Ball 1-2: Foul Ball, location: 2F 1-2: Ball 2-2: Fielders Choice at 2nd, 5-4 (Groundball, 5, EV 77.5 MPH)
|
| Top of the 7th over - 1 run, 2 hits, 0 errors, 1 left on base; Charlotte 3 - Montgomery 3 |
| BOTTOM OF THE 7TH |
|
Montgomery Rebels batting - Pitching for Charlotte Hornets : RHP Tom Hausman
|
|
Batting: SHB Mike D Young
|
0-0: Foul Ball, location: 2F 0-1: Ball 1-1: Ball 2-1: Ball 3-1: Base on Balls
|
|
Batting: LHB Larry Ray
|
0-0: Called Strike 0-1: Swinging Strike 0-2: Strikes out looking
|
|
Batting: RHB Victor Saenz
|
0-0: Ball 1-0: Called Strike Mike D Young steals 2nd base 1-1: Fly out, F6 (Flyball, 4MD, EV 84.4 MPH)
|
|
Batting: LHB Mark Bingham
|
0-0: Intentional Walk
|
|
Batting: SHB Raul Gonzalez
|
0-0: Ball 1-0: Ball 2-0: Called Strike 2-1: Foul Ball, location: 2F 2-2: Foul Ball, location: 2F 2-2: Strikes out swinging
|
| Bottom of the 7th over - 0 runs, 0 hits, 0 errors, 2 left on base; Charlotte 3 - Montgomery 3 |
| TOP OF THE 8TH |
|
Charlotte Hornets batting - Pitching for Montgomery Rebels : RHP Scott Patterson
|
|
Batting: RHB John O'Rear
|
0-0: Called Strike 0-1: Fly out, F7 (Flyball, 7D, EV 96.9 MPH)
|
|
Batting: RHB Guy Sularz
|
0-0: Ball 1-0: Foul Ball, location: 2F 1-1: Ball 2-1: Ball 3-1: Base on Balls
|
|
Batting: RHB Richard Bass
|
0-0: Ball 1-0: Ball 2-0: Foul Ball, location: 2F 2-1: Reached on error, E5 (Groundball, 56, EV 103.8 MPH) Guy Sularz to second
|
|
Batting: RHB Juan Bonilla
|
0-0: DOUBLE (Line Drive, 9LS, EV 107.5 MPH) Guy Sularz scores Richard Bass to third Runner from 3rd tries for Home, throw by RF and OUT! 9-4-2
|
|
Batting: LHB James Reeves
|
0-0: Ball 1-0: Foul Ball, location: 2F 1-1: Reached on error, E3 (Groundball, 34, EV 106.9 MPH) Juan Bonilla to third
|
|
Batting: RHB Mickey Klutts
|
0-0: Ball 1-0: Called Strike 1-1: Foul Ball, location: 2F 1-2: Ball 2-2: Ball 3-2: Base on Balls James Reeves to second
|
|
Batting: RHB Luther Wrenn
|
0-0: Fly out, F8 (Flyball, 8RXD, EV 97.5 MPH)
|
| Top of the 8th over - 1 run, 1 hit, 2 errors, 3 left on base; Charlotte 4 - Montgomery 3 |
| BOTTOM OF THE 8TH |
|
Montgomery Rebels batting - Pitching for Charlotte Hornets : RHP Tom Hausman
|
|
Now at 2B: Eric Hyatt
|
|
|
Batting: RHB Brian Poldberg
|
0-0: Ball 1-0: Ball 2-0: Called Strike 2-1: Ground out 6-3 (Groundball, 56S, EV 79.4 MPH)
|
|
Batting: RHB Tom Goffena
|
0-0: Ball 1-0: Foul Ball, location: 2F 1-1: Called Strike 1-2: Ball 2-2: Ball 3-2: Foul Ball, location: 2F 3-2: Strikes out swinging
|
|
Batting: LHB Oscar Ramirez
|
0-0: Ball 1-0: SINGLE (Flyball, 89S, EV 85.0 MPH)
|
|
Batting: RHB Kevin McGann
|
0-0: Called Strike 0-1: Ball 1-1: Foul Ball, location: 2F 1-2: Ball 2-2: Foul Ball, location: 2F 2-2: Foul Ball, location: 2F 2-2: Foul Ball, location: 2F 2-2: Foul Ball, location: 2F 2-2: Ball 3-2: Foul Ball, location: 2F 3-2: Base on Balls Oscar Ramirez to second
|
|
Pitching: RHP Victor Bernal
|
|
|
Batting: SHB Mike D Young
|
0-0: Ball 1-0: Foul Ball, location: 2F 1-1: Ball 2-1: Fly out, F8 (Flyball, 89S, EV 93.1 MPH)
|
| Bottom of the 8th over - 0 runs, 1 hit, 0 errors, 2 left on base; Charlotte 4 - Montgomery 3 |
| TOP OF THE 9TH |
|
Charlotte Hornets batting - Pitching for Montgomery Rebels : RHP Scott Patterson
|
|
Pitching: LHP Chuck McMichael
|
|
|
Batting: RHB Richard Bradley
|
0-0: Foul Ball, location: 2F 0-1: Swinging Strike 0-2: Foul Ball, location: 2F 0-2: Ball 1-2: Foul Ball, location: 2F 1-2: Fly out, F7 (Flyball, 78S, EV 82.5 MPH)
|
|
Batting: RHB Tom Romano
|
0-0: Called Strike 0-1: Called Strike 0-2: Ball 1-2: Ball 2-2: Ground out 6-3 (Groundball, 6, EV 87.5 MPH)
|
|
Batting: RHB John O'Rear
|
0-0: Ball 1-0: Ball 2-0: Called Strike 2-1: Ball 3-1: Foul Ball, location: 2F 3-2: Base on Balls
|
|
Batting: RHB Eric Hyatt
|
0-0: Called Strike 0-1: Called Strike 0-2: Ball 1-2: Foul Ball, location: 2F 1-2: Foul Ball, location: 2F 1-2: Ball John O'Rear steals 2nd base 2-2: Foul Ball, location: 2F 2-2: Strikes out looking
|
| Top of the 9th over - 0 runs, 0 hits, 0 errors, 1 left on base; Charlotte 4 - Montgomery 3 |
| BOTTOM OF THE 9TH |
|
Montgomery Rebels batting - Pitching for Charlotte Hornets : RHP Victor Bernal
|
|
Batting: LHB Larry Ray
|
0-0: Ball 1-0: Foul Ball, location: 2F 1-1: Ball 2-1: Ball 3-1: Base on Balls
|
|
Batting: RHB Victor Saenz
|
0-0: Ball 1-0: Called Strike 1-1: Ball 2-1: Ball 3-1: Foul Ball, location: 2F 3-2: Base on Balls Larry Ray to second
|
|
Batting: LHB Mark Bingham
|
0-0: Ball 1-0: Ball 2-0: Ball 3-0: Base on Balls Larry Ray to third Victor Saenz to second
|
|
Batting: SHB Raul Gonzalez
|
0-0: Ball 1-0: Swinging Strike 1-1: Grounds into fielders choice 1-2 (Groundball, P, EV 65.6 MPH) Victor Saenz to third Mark Bingham to second
|
|
Pinch Hitting: LHB Robert Wing
|
0-0: Fly out, F8 (Flyball, 8RM, EV 91.9 MPH) Runner from 3rd tags up, SCORES, throw by CF
|
|
Pinch Hitting: SHB Keith Spreckels
|
0-0: Foul Ball, location: 2F 0-1: Ball 1-1: Ball 2-1: Ground out 4-3 (Groundball, 4, EV 84.4 MPH)
|
| Bottom of the 9th over - 1 run, 0 hits, 0 errors, 2 left on base; Charlotte 4 - Montgomery 4 |
| TOP OF THE 10TH |
|
Charlotte Hornets batting - Pitching for Montgomery Rebels : LHP Chuck McMichael
|
|
Now at C: Michael Shinn
|
|
|
Now at SS: James Camacho
|
|
|
Batting: RHB Richard Bass
|
0-0: Ball 1-0: Called Strike 1-1: Called Strike 1-2: Foul Ball, location: 2F 1-2: Strikes out swinging
|
|
Batting: RHB Juan Bonilla
|
0-0: Fly out, F9 (Line Drive, 9, EV 92.5 MPH)
|
|
Batting: LHB James Reeves
|
0-0: Called Strike 0-1: Foul Ball, location: 2F 0-2: Strikes out swinging
|
| Top of the 10th over - 0 runs, 0 hits, 0 errors, 0 left on base; Charlotte 4 - Montgomery 4 |
| BOTTOM OF THE 10TH |
|
Montgomery Rebels batting - Pitching for Charlotte Hornets : RHP Victor Bernal
|
|
Pitching: LHP Jerry Veale
|
|
|
Batting: LHB Oscar Ramirez
|
0-0: Foul Ball, location: 2F 0-1: Ball 1-1: Fly out, F3 (Popup, 3F, EV 76.3 MPH)
|
|
Batting: RHB Kevin McGann
|
0-0: Called Strike 0-1: Swinging Strike 0-2: Ball 1-2: Ball 2-2: Ball 3-2: Base on Balls
|
|
Batting: SHB Mike D Young
|
0-0: Called Strike 0-1: Foul Ball, location: 2F 0-2: Ball 1-2: Ball 2-2: Foul Ball, location: 2F 2-2: Grounds into double play, 6-4-3 (Groundball, 6, EV 85.6 MPH)
|
| Bottom of the 10th over - 0 runs, 0 hits, 0 errors, 0 left on base; Charlotte 4 - Montgomery 4 |
| TOP OF THE 11TH |
|
Charlotte Hornets batting - Pitching for Montgomery Rebels : LHP Chuck McMichael
|
|
Pitching: RHP Tony Tinoco
|
|
|
Batting: RHB Mickey Klutts
|
0-0: Called Strike 0-1: Swinging Strike 0-2: Ball 1-2: Foul Ball, location: 2F 1-2: Foul Ball, location: 2F 1-2: Foul Ball, location: 2F 1-2: Strikes out swinging
|
|
Batting: RHB Luther Wrenn
|
0-0: Foul Ball, location: 2F 0-1: Foul Ball, location: 2F 0-2: Ball 1-2: Strikes out looking
|
|
Pinch Hitting: RHB Ed Jurak
|
0-0: Ball 1-0: Foul Ball, location: 2F 1-1: Foul Ball, location: 2F 1-2: Foul Ball, location: 2F 1-2: Foul Ball, location: 2F 1-2: Ball 2-2: Ball 3-2: Base on Balls
|
|
Batting: RHB Tom Romano
|
0-0: Ball 1-0: Called Strike 1-1: Ball 2-1: Ball Wild Pitch! Ed Jurak to second 3-1: Intentional Walk
|
|
Batting: RHB John O'Rear
|
0-0: Called Strike 0-1: Ball 1-1: Ball 2-1: Ball Wild Pitch! Ed Jurak to third Tom Romano to second 3-1: Ground out 4-3 (Groundball, 4S, EV 87.5 MPH)
|
| Top of the 11th over - 0 runs, 0 hits, 0 errors, 2 left on base; Charlotte 4 - Montgomery 4 |
| BOTTOM OF THE 11TH |
|
Montgomery Rebels batting - Pitching for Charlotte Hornets : LHP Jerry Veale
|
|
Now at C: David Baker
|
|
|
Batting: LHB Larry Ray
|
0-0: Fly out, F9 (Flyball, 89M, EV 85.6 MPH)
|
|
Batting: RHB Victor Saenz
|
0-0: Called Strike 0-1: Foul Ball, location: 2F 0-2: Fly out, F5 (Popup, 25F, EV 90.0 MPH)
|
|
Batting: LHB Mark Bingham
|
0-0: Ball 1-0: Foul Ball, location: 2F 1-1: Called Strike 1-2: Ball 2-2: Foul Ball, location: 2F 2-2: Ball 3-2: Foul Ball, location: 2F 3-2: Base on Balls
|
|
Batting: SHB Raul Gonzalez
|
0-0: Foul Ball, location: 2F 0-1: SINGLE (Groundball, 4D, EV 102.5 MPH) Mark Bingham to second Runner from 2nd tries for 3rd, SAFE, no throw by CF
|
|
Batting: RHB James Camacho
|
0-0: Ball 1-0: Called Strike 1-1: SINGLE (Groundball, 6D, EV 107.5 MPH) Mark Bingham scores
|
| Bottom of the 11th over - 1 run, 2 hits, 0 errors, 0 left on base; Charlotte 4 - Montgomery 5 |
|